 Dungeon Crawl Stone Soup version 0.26-a0-597-gb535b0901c (webtiles) character file.

Game seed: 13630742512510550254

1383 uristmcdimsum the Cleaver (level 8, -6/71 HPs)
             Began as a Hill Orc Fighter on Sept 11, 2020.
             Was a Follower of Beogh.
             Mangled by a two-headed ogre
             ... wielding a +0 giant club
              (21 damage)
             ... on level 7 of the Dungeon.
             The game lasted 00:09:21 (5852 turns).

uristmcdimsum the Cleaver (Hill Orc Fighter)        Turns: 5852, Time: 00:09:22

Health: -6/71      AC: 14    Str: 20    XL:     8   Next: 67%
Magic:  8/8        EV:  6    Int:  8    God:    Beogh [*.....]
Gold:   346        SH: 10    Dex: 11    Spells: 7/7 levels left

rFire    . . .     SeeInvis .   a - +1 war axe
rCold    . . .     Faith    .   c - +0 kite shield
rNeg     + . .     Spirit   .   o - +0 chain mail
rPois    +         Reflect  .   k - +2 helmet
rElec    .         Harm     .   x - +0 cloak
rCorr    .                      (no gloves)
MR       .....                  (no boots)
Stlth    ..........             l - amulet of regeneration (curse)
HPRegen  0.61/turn              j - ring of positive energy
MPRegen  0.11/turn              A - ring of poison resistance

@: no status effects
A: no striking features
a: Renounce Religion


You were on level 7 of the Dungeon.
You worshipped Beogh.
Beogh was aware of your devotion.
You visited 1 branch of the dungeon, and saw 7 of its levels.

You collected 346 gold pieces.

Inventory:

Hand Weapons
 a - a +1 war axe (weapon)
 b - a +0 hunting sling
 z - a +0 halberd
Missiles
 e - 321 stones (quivered)
 f - 72 sling bullets
 y - 6 poisoned darts
 I - 2 throwing nets
Armour
 c - a +0 kite shield (worn)
 k - a +2 helmet (worn)
 o - a +0 chain mail (worn)
 x - a +0 cloak (worn)
Jewellery
 j - a ring of positive energy (left hand)
 l - a cursed amulet of regeneration (around neck)
 A - a ring of poison resistance (right hand)
Wands
 r - a wand of random effects (11)
Scrolls
 h - 2 scrolls of teleportation
 m - 3 scrolls of remove curse
 n - 5 scrolls of amnesia
 q - 2 scrolls of enchant weapon
 s - a scroll of noise
 v - 2 scrolls of enchant armour
 B - a scroll of fog
Potions
 d - a potion of might
 g - a potion of mutation {unknown}
 i - 3 potions of lignification
 p - a potion of ambrosia
 t - a potion of degeneration
 u - a potion of curing
 w - a potion of berserk rage {unknown}
 C - 3 potions of flight
 D - a potion of haste {unknown}
 F - 3 potions of brilliance
 G - 4 potions of stabbing


   Skills:
 + Level 6.6 Fighting
 * Level 9.0 Axes
 + Level 6.0 Armour
 + Level 6.0 Shields


You had 7 spell levels left.
You didn't know any spells.
Your spell library contained the following spells:

 Spells                   Type           Power        Failure   Level
 Beastly Appendage        Tmut           #.....       100%        1
 Wereblood                Tmut           #.......     100%        2
 Spider Form              Tmut/Pois      #.........   100%        3
 Ice Form                 Ice/Tmut       #.......     100%        4
 Blade Hands              Tmut           #.........   100%        5


Dungeon Overview and Level Annotations

Branches:
Dungeon (7/15)             Temple (0/1) D:5

Altars:
Gozag
Nemelex Xobeh
Qazlal
Trog
Uskayaw
The Shining One


Message History

A quokka comes into view.
The two-headed ogre hits you with a +0 giant club!
You block the two-headed ogre's attack. The quokka bites you. x2
An ice beast comes into view.
The quokka bites you but does no damage.
You see here a scroll of magic mapping.
The ice beast hits you but does no damage.
You open the door.
A jackal comes into view.
The jackal barks!
You hear a shout!
The jackal barely misses you. The ice beast hits you.
The ice beast freezes you!
* * * LOW HITPOINT WARNING * * *
Found a glittering graven amulet.
You feel better.
The two-headed ogre hits you with a +0 giant club!
* * * LOW HITPOINT WARNING * * *
The two-headed ogre hits you with a +0 giant club!!
You die...

##### ##...## .
#.....#####....
..
#....rO@Y......
..
#.!.?.##h##....
#. ##..l## ..#
. #. ##o## ...#
#. #.# ....# #.
#.# "...# #.##
#.# ....# #
#..### ##o##
...##.##
#....###
##.h.## ...#


You could see a two-headed ogre, an orc warrior, an ice beast, an iguana, a
quokka and a jackal.

Vanquished Creatures
  Grinder (D:6)
  Duvessa (D:6)
  A phantom (D:4)
  A necrophage (D:6)
  Blork the orc (D:6)
  A bullfrog (D:6)
  A scorpion (D:6)
  Dowan (D:6)
  A howler monkey (D:5)
  A bullfrog zombie (D:7)
  A hound (D:4)
  2 orc priests
  A centaur skeleton (D:6)
  2 orc wizards
  2 jellies (D:6)
  Ijyb (D:3)
  Jessica (D:2)
  A bullfrog skeleton (D:4)
  5 worker ants
  A worker ant zombie (D:5)
  Robin (D:2)
  2 adders
  A shadow imp (D:7)
  A white imp (D:6)
  An ufetubus (D:7)
  3 worms
  4 dart slugs
  4 leopard geckos
  8 orcs
  3 giant cockroaches
  9 hobgoblins
  6 kobolds
  3 quokkas
  3 ball pythons
  5 bats
  5 frilled lizards
  12 goblins
  A leopard gecko skeleton (D:5)
  A quokka skeleton (D:4)
  11 rats
111 creatures vanquished.

Vanquished Creatures (others)
  An adder (D:3)
  An ooze (D:3)
  An orc (D:3)
  A bat (D:3)
  A hobgoblin (D:3)
  2 rats (D:3)
  3 plants (D:3)
10 creatures vanquished.

Grand Total: 121 creatures vanquished

Notes
Turn   | Place    | Note
-------+----------+-------------------------------------------
     0 | D:1      | uristmcdimsum the Hill Orc Fighter began the quest for the
                  | Orb.
     0 | D:1      | Reached XP level 1. HP: 19/19 MP: 1/1
   155 | D:1      | Reached skill level 3 in Axes
   373 | D:1      | Reached XP level 2. HP: 27/27 MP: 2/2
   918 | D:1      | Reached XP level 3. HP: 30/33 MP: 3/3
  1262 | D:2      | Noticed Robin
  1269 | D:2      | Killed Robin
  1313 | D:2      | Reached skill level 4 in Axes
  1423 | D:2      | Reached XP level 4. HP: 35/40 MP: 4/4
  1963 | D:2      | Noticed Jessica
  1966 | D:2      | Killed Jessica
  2249 | D:2      | Found a hide-covered altar of Uskayaw.
  2283 | D:3      | Became a worshipper of Beogh the Brigand
  2414 | D:3      | Noticed Ijyb
  2446 | D:3      | Killed Ijyb
  2446 | D:3      | Reached XP level 5. HP: 45/47 MP: 5/5
  2770 | D:3      | Found a glowing golden altar of the Shining One.
  2911 | D:3      | Found a bloodstained altar of Trog.
  3011 | D:4      | Reached skill level 5 in Axes
  3172 | D:4      | Found a stormy altar of Qazlal.
  3454 | D:4      | Reached XP level 6. HP: 47/53 MP: 6/6
  3503 | D:4      | Noticed a phantom
  3532 | D:4      | Killed a phantom
  3532 | D:4      | Reached skill level 5 in Fighting
  3868 | D:4      | Reached skill level 6 in Axes
  4134 | D:5      | Entered Level 5 of the Dungeon
  4368 | D:5      | Found a staircase to the Ecumenical Temple.
  4690 | D:5      | Got a masterwork rapier
  4691 | D:5      | Identified the +2 rapier of Apseohe {pain, *Corrode Str+3
                  | Int+7 Dex+3} (You found it on level 5 of the Dungeon)
  4874 | D:6      | Reached * piety under Beogh
  4874 | D:6      | Reached XP level 7. HP: 55/61 MP: 7/7
  5140 | D:6      | Noticed Blork the orc
  5141 | D:6      | Found a sparkling altar of Nemelex Xobeh.
  5142 | D:6      | Found an opulent altar of Gozag.
  5162 | D:6      | Killed Blork the orc
  5162 | D:6      | Reached skill level 7 in Axes
  5162 | D:6      | Reached skill level 5 in Armour
  5162 | D:6      | Reached skill level 5 in Shields
  5267 | D:6      | Noticed Dowan
  5272 | D:6      | Noticed Duvessa
  5286 | D:6      | Killed Dowan
  5315 | D:6      | Killed Duvessa
  5315 | D:6      | Reached XP level 8. HP: 66/70 MP: 8/8
  5412 | D:6      | Noticed Grinder
  5426 | D:6      | Killed Grinder
  5426 | D:6      | Reached skill level 8 in Axes
  5802 | D:7      | Noticed a two-headed ogre
  5838 | D:7      | Reached skill level 9 in Axes
  5852 | D:7      | Mangled by a two-headed ogre

Illustrated notes

Levels and vault maps discovered:
D:1:      dpeg_arrival_morbid_curiosity, layout_basic, grunt_decor_cap
D:2:      layout_loops_corners, lemuel_coloured_pillars_altar, uniq_jessica,
          uniq_robin
D:3:      layout_loops_ring, tso_oasis_becter, bloody_trog, uniq_ijyb
D:4:      layout_cave_pods, serial_park, serial_park_central
          [serial_park_minivault_5x5_6, serial_park_minivault_5x5_5],
          minmay_misc_feat_columns, minmay_liquid_box, grunt_qazlal_sundering
D:5:      layout_rooms, minmay_temple_entry_drinking_statues, minivault_27
D:6:      layout_loops_cross, grunt_temple_overflow_opulence, uniq_duvessa,
          uniq_blork_the_orc, uniq_grinder
D:7:      minmay_octagon_keep, layout_cave_pods,
          nicolae_dithmenos_shadow_blocks,
          chequers_temple_overflow_statue_of_worship

Skill      XL: |  1  2  3  4  5  6  7  8 |
---------------+-------------------------+-----
Axes           | 3 4 5 6 7 9 |  9.0
Fighting       | 4 5 6 |  6.6
Shields        | 4 5 6 |  6.0
Armour         | 4 5 6 |  6.0

Action                   |  1- 3 |  4- 6 |  7- 9 || total
-------------------------+-------+-------+-------++-------
Melee: War axe           |    96 |   202 |   125 ||   423
Invok: Convert to Beogh  |       |     1 |       ||     1
  Use: Scroll            |       |    18 |       ||    18
       Potion            |       |       |     1 ||     1
Armor: Scale mail        |    38 |     2 |       ||    40
       Chain mail        |       |    99 |    74 ||   173
Dodge: Dodged            |    36 |    35 |    23 ||    94
Block: Kite shield       |    54 |    89 |    67 ||   210

Table legend: (Time is in decaauts)
 A = Elapsed time spent in this place.
 B = Non-inter-level travel time spent in this place.
 C = Inter-level travel time spent in this place.
 D = Time resting spent in this place.
 E = Time spent auto-exploring this place.
 F = Levels seen in this place.
 G = Mean time per level.
                   A        B        C        D        E       F      G
               +--------+--------+--------+--------+--------+-----+--------+
         Total |   5979 |   5686 |    293 |    115 |   4529 |   7 |  854.1 |
       Dungeon |   5979 |   5686 |    293 |    115 |   4529 |   7 |  854.1 |
               +--------+--------+--------+--------+--------+-----+--------+

Top non-repeatable levels by time:
     D:4: 1302 daAuts
     D:2: 1176 daAuts
     D:1: 1168 daAuts
     D:6: 884 daAuts
     D:3: 746 daAuts
     D:5: 577 daAuts
     D:7: 124 daAuts
